 Dungeon Crawl Stone Soup version 0.29.1-1-gd02db6906a (webtiles) character file.

Game seed: 3759118965193730203

751 Ashen the Chiller (level 7, 0/52 HPs)
             Began as a Demonspawn Ice Elementalist on Sept 15, 2022.
             Slain by a white imp (4 damage)
             ... on level 5 of the Dungeon.
             The game lasted 00:08:31 (5418 turns).

Ashen the Chiller (Demonspawn Ice Elementalist)     Turns: 5418, Time: 00:08:33

Health: 0/52       AC:  2    Str:  9    XL:     7   Next: 49%
Magic:  12/12      EV: 13    Int: 18    God:
Gold:   234        SH:  0    Dex: 13    Spells: 2/13 levels left

rFire   . . .      SeeInvis .   f - +2 mace (drain)
rCold   . . .      Faith    .   (no shield)
rNeg    . . .      Spirit   .   a - +0 robe
rPois   .          Reflect  .   (no helmet)
rElec   .          Harm     .   (no cloak)
rCorr   +          Rampage  .   (gloves unavailable)
Will    +....                   (no boots)
Stlth   ++........              (no amulet)
HPRegen 1.17/turn               i - ring of resist corrosion
MPRegen 0.13/turn               j - ring of willpower

@: no status effects
A: powered by death 1, demonic touch 3
a: no special abilities


You were on level 5 of the Dungeon.
You visited 1 branch of the dungeon, and saw 5 of its levels.

You collected 234 gold pieces.

Inventory:

Hand Weapons
 f - a +2 mace of draining (weapon)
 l - a +0 short sword
Armour
 a - a +0 robe (worn)
 o - a +2 kite shield
Jewellery
 i - a ring of resist corrosion (left hand)
 j - a ring of willpower (right hand)
 t - a +4 ring of protection
 u - a ring of positive energy
 x - an amulet of magic regeneration
Wands
 y - a wand of quicksilver (11)
Scrolls
 c - a scroll of summoning {unknown}
 g - 2 scrolls of teleportation {unknown}
 h - 5 scrolls of identify {unknown}
 m - a scroll of amnesia
 p - a scroll of blinking {unknown}
 q - 2 scrolls of enchant weapon
 r - a scroll of fear {unknown}
 s - 2 scrolls of magic mapping {unknown}
 v - a scroll of torment {unknown}
Potions
 b - a potion of magic
 d - 3 potions of flight {unknown}
 e - a potion of mutation {unknown}
 k - 2 potions of ambrosia {unknown}
 n - a potion of lignification {unknown}
 w - a potion of might {unknown}


   Skills:
 + Level 3.3 Fighting
 + Level 3.7 Dodging
 + Level 4.0 Stealth
 + Level 3.9 Spellcasting
 + Level 5.0 Ice Magic


You had 2 spell levels left.
You knew the following spells:

 Your Spells              Type           Power      Damage    Failure   Level
a - Freeze                Ice            84%        1d10      1%          1
b - Frozen Ramparts       Ice            42%        1d7       6%          3
c - Ozocubu's Armour      Ice            21%        N/A       6%          3
d - Hailstorm             Conj/Ice       12%        3d5       47%         4

Your spell library contained the following spells:

 Spells                   Type           Power      Damage    Failure   Level
 Summon Small Mammal      Summ           12%        N/A       16%         1
 Call Canine Familiar     Summ           3%         N/A       41%         3
 Summon Guardian Golem    Hex/Summ       3%         N/A       41%         3


Dungeon Overview and Level Annotations

Branches:
Dungeon (5/15)
 Temple: D:4-7

Altars:
Xom

Shops:
D:2 [   D:3 :

Annotations:
D:4 1 runed translucent door, ToffieWolf's ghost, amateur MiBe


Innate Abilities, Weirdness & Mutations

You regenerate a little health from kills.
Your touch may irresistibly damage your foes and sap their willpower.


Message History

The phantom hits you. The phantom barely misses you.
You hit the phantom.
The phantom is heavily damaged.
The phantom hits you.
You hit the phantom.
The phantom is severely damaged.
The phantom hits you.
The phantom blinks!
You blink.
The phantom barely misses you.
You barely miss the phantom.
The phantom is severely damaged.
The phantom completely misses you.
You hit the phantom but do no damage.
You touch the phantom!
You destroy the phantom!
Your Stealth skill increases to level 4!
Your Ice Magic skill increases to level 5!
You hit the white imp but do no damage.
You touch the white imp.
You sap its willpower!
The white imp is heavily wounded.
Something hits you. The white imp hits you. The white imp freezes you.
The white imp gestures at you. The puff of frost hits you!
* * * LOW HITPOINT WARNING * * *
Something hits you.
* * * LOW HITPOINT WARNING * * *
Okay, then.
As you read the scroll labelled FITEDEAGES, it crumbles to dust.
It is a scroll of amnesia.
Really abort (and waste the scroll)?
Okay, then.
Something barely misses you. The white imp barely misses you.
The orc misses you.
As you read the scroll labelled KAIREIPLURR, it crumbles to dust.
It is a scroll of enchant weapon.
Your +1 mace of draining glows red for a moment.
Something hits you.
* * * LOW HITPOINT WARNING * * *
The orc misses you. The white imp hits you.
* * * LOW HITPOINT WARNING * * *
The white imp freezes you.
You die...

........## ###
.........# ##..
#........# ##...
#........# ##....
#........# ##.....
#........##
#......
..........#
##.....<
##........#
##.......
###...@..#
#........ ##.o{5.#
##........ ##....#
#......... ##..##
#......... ##.)###
#.........
###..####........
##..####.......
###.#..####....##
###....#..####..##


You could see a white imp (weak-willed) and an orc.

Vanquished Creatures
  A water moccasin (D:5)
  An ice beast (D:5)
  A phantom (D:5)
  A necrophage (D:3)
  3 scorpions
  2 jellies
  A hound (D:4)
  An iguana (D:4)
  3 adders
  A white imp (D:5)
  2 worms
  A dart slug (D:2)
  10 orcs
  7 endoplasms
  7 giant cockroaches
  7 goblins
  5 hobgoblins
  8 jackals
  7 kobolds
  3 quokkas
  2 ball pythons
  4 bats
  3 frilled lizards
  2 rats (D:2)
83 creatures vanquished.

Notes
Turn   | Place    | Note
-------+----------+-------------------------------------------
     0 | D:1      | Ashen the Demonspawn Ice Elementalist began the quest for
                  | the Orb.
     0 | D:1      | Reached XP level 1. HP: 13/13 MP: 3/3
   543 | D:1      | Gained mutation: Your touch may inflict minor irresistible
                  | damage on your foes. [demonic ancestry]
   543 | D:1      | Reached XP level 2. HP: 19/20 MP: 1/5
  1203 | D:2      | Found Datrosunku's Antique Armour Shop.
  1450 | D:2      | Found a faded altar of an unknown god.
  1695 | D:2      | Gained mutation: You regenerate a little health from kills.
                  | [demonic ancestry]
  1695 | D:2      | Reached XP level 3. HP: 25/25 MP: 2/6
  1772 | D:2      | Reached skill level 1 in Fighting
  2060 | D:3      | Found Turghay's Book Emporium.
  2434 | D:3      | Reached skill level 4 in Ice Magic
  2434 | D:3      | Gained mutation: Your touch may inflict irresistible damage
                  | on your foes. [demonic ancestry]
  2434 | D:3      | Reached XP level 4. HP: 31/32 MP: 3/7
  2671 | D:3      | Noticed a necrophage
  2694 | D:3      | Killed a necrophage
  3065 | D:4      | Gained mutation: Your touch may irresistibly damage your
                  | foes and sap their willpower. [demonic ancestry]
  3065 | D:4      | Reached XP level 5. HP: 32/38 MP: 7/9
  3294 | D:4      | Found a shimmering altar of Xom.
  3559 | D:4      | Found a runed translucent door.
  3993 | D:4      | Reached XP level 6. HP: 16/44 MP: 4/10
  4609 | D:4      | Noticed ToffieWolf's ghost (amateur MiBe)
  4758 | D:5      | Entered Level 5 of the Dungeon
  4834 | D:5      | Noticed an ice beast
  4842 | D:5      | Killed an ice beast
  4847 | D:5      | Learned a level 3 spell: Frozen Ramparts
  4851 | D:5      | Learned a level 3 spell: Ozocubu's Armour
  4856 | D:5      | Learned a level 4 spell: Hailstorm
  4984 | D:5      | Noticed a water moccasin
  4990 | D:5      | Killed a water moccasin
  4991 | D:5      | Reached XP level 7. HP: 51/51 MP: 5/12
  5416 | D:5      | Reached skill level 5 in Ice Magic
  5418 | D:5      | Slain by a white imp

Illustrated notes

Levels and vault maps discovered:
D:1:      amcnicky_arrival_gap_in_the_tavern_cellar, layout_loops_cross,
          minmay_misc_feat_hallway, nicolae_hexahallways
D:2:      layout_rooms, serial_shops, shop, ebering_ecumenical_altar_sacrificial
D:3:      layout_basic, serial_shops, nicolae_shop_waterfront,
          grunt_ministairs_2, st_stairs_7, corner_web_ring
D:4:      layout_gridville, lemuel_doored_altar, ebering_ghost_reflecting_pool,
          st_stairs_5
D:5:      layout_cave_pods, overflow_temple_1_default, minmay_temple_entry_wispy

Skill      XL: |  1  2  3  4  5  6  7 |
---------------+----------------------+-----
Stealth        | 2 3 4 |  4.0
Dodging        | 2 3 |  3.7
Fighting       | 1 2 3 |  3.3
Ice Magic      | 4 5 |  5.0
Spellcasting   | 3 |  3.9

Action                   |  1- 3 |  4- 6 |  7- 9 || total
-------------------------+-------+-------+-------++-------
Melee: Unarmed           |    12 |       |       ||    12
       Punch             |     1 |       |     1 ||     2
       Touch             |     4 |     9 |     3 ||    16
       Short sword       |     7 |    17 |       ||    24
       Mace              |       |    26 |    20 ||    46
 Cast: Freeze            |    60 |    49 |    19 ||   128
  Use: Scroll            |       |       |     2 ||     2
 Stab: Sleeping          |     5 |     4 |       ||     9
Armor: Robe              |    18 |    12 |     1 ||    31
Dodge: Dodged            |    35 |    55 |    27 ||   117
